Map: Winter Madness LE

Players

nike - Winner!

  • Race: Terran Terran
  • League: Diamond
  • Spawn Location: 11:00

Kan

  • Race: Zerg Zerg
  • League: Diamond
  • Spawn Location: 5:00

VOD

Have the link to the VOD?

Description

Time

  • Played on: June 16, 2026, 4:11 p.m.
  • Length: 12:07
Show
View Real Time Build Order
Export as new Build Order

nike Terran - Winner!

Build Orders:  

Get SALT Encoding   

  12  0:00  SCV  
  13  0:12  SCV  
  14  0:18  Supply Depot  
  14  0:24  SCV  
  15  0:40  SCV  
  15  0:41  Barracks  
  16  0:44  Refinery  
  16  0:52  SCV  
  17  1:04  SCV  
  18  1:16  SCV  
  19  1:31  Orbital Command  
  19  1:32  Barracks Reactor  
  19  1:42  Command Center  
  19  1:55  Supply Depot  
  19  1:57  SCV  
  20  2:08  Marine x2  
  20  2:09  SCV  
  23  2:19  Factory  
  23  2:21  SCV  
  24  2:26  Marine x2  
  26  2:33  SCV  
  27  2:41  Bunker  
  27  2:45  Marine x2, SCV  
  30  2:54  Orbital Command  
  30  3:03  Command Center  
  30  3:09  SCV  
  33  3:13  Hellion  
  33  3:14  Hellion  
  33  3:16  Barracks Tech Lab  
  35  3:21  SCV  
  35  3:22  SCV  
  37  3:33  SCV  
  40  3:34  Hellion  
  40  3:36  Hellion, Barracks  
  40  3:38  SCV  
  43  3:45  SCV  
  44  3:50  SCV  
  44  3:52  Stimpack  
  44  3:53  Barracks  
  44  3:54  Marine  
  46  4:10  SCV x2  
  46  4:13  Marine  
  45  4:23  SCV x2  
  45  4:27  Hellion  
  45  4:28  Hellion  
  47  4:31  Marine, Orbital Command  
  47  4:32  Barracks Reactor  
  47  4:35  SCV  
  47  4:36  SCV  
  47  4:38  Starport  
  50  4:41  Supply Depot  
  50  4:46  Barracks Reactor  
  50  4:47  SCV  
  50  4:48  SCV  
  50  4:49  Hellion  
  54  4:53  Refinery  
  54  4:59  SCV x2  
  56  5:00  SCV  
  56  5:02  Engineering Bay  
  56  5:04  Supply Depot, Refinery  
  56  5:07  Supply Depot  
  57  5:08  Refinery  
  57  5:09  Marine x2  
  57  5:11  Marine, SCV  
  57  5:12  SCV x2  
  63  5:17  Barracks  
  63  5:23  SCV  
  63  5:24  SCV  
  63  5:26  SCV  
  66  5:33  Engineering Bay  
  66  5:35  SCV  
  67  5:36  SCV  
  67  5:37  Combat Shield, Factory Tech Lab  
  67  5:38  Marine x4  
  67  5:39  Marauder  
  67  5:40  Medivac  
  76  5:44  SCV  
  76  5:47  SCV  
  76  5:48  SCV  
  79  5:52  Orbital Command  
  79  5:53  Supply Depot  
  79  5:54  Supply Depot  
  79  5:56  Supply Depot, SCV  
  80  5:58  Marine  
  80  5:59  Marine x3  
  84  6:06  SCV  
  84  6:08  Terran Infantry Weapons Level 1, Terran Infantry Armor Level 1  
  84  6:09  Supply Depot  
  85  6:13  Armory  
  85  6:15  Barracks Reactor, Medivac  
  85  6:16  Marine x3  
  90  6:29  Medivac  
  90  6:31  SCV  
  90  6:32  SCV  
  94  6:37  SCV, Supply Depot  
  94  6:39  Bunker  
  95  6:42  Marine  
  95  6:43  Marine x4, SCV  
  95  6:44  SCV  
  102  6:47  Supply Depot  
  102  6:49  SCV  
  102  6:51  Marine x2  
  105  6:55  SCV  
  105  6:56  SCV  
  105  7:00  Marine x3  
  110  7:01  SCV  
  110  7:07  SCV  
  112  7:10  Supply Depot  
  112  7:11  SCV  
  112  7:13  Supply Depot  
  111  7:17  Siege Tank, Marine x3  
  111  7:18  Marauder, Marine x3  
  111  7:20  Medivac  
  124  7:26  Concussive Shells  
  124  7:28  SCV  
  124  7:29  SCV x2  
  127  7:35  Marine x3  
  127  7:36  Sensor Tower, Marine  
  131  7:38  Armory  
  131  7:39  Marauder  
  131  7:40  SCV  
  131  7:41  SCV, Supply Depot  
  131  7:43  Supply Depot  
  135  7:51  SCV  
  135  7:55  Marine x5  
  135  7:57  Supply Depot  
  141  8:00  Barracks, Refinery, Marauder  
  141  8:01  Marine, Barracks  
  141  8:03  Siege Tank  
  141  8:04  Medivac  
  141  8:05  Medivac  
  151  8:13  Marine x5  
  151  8:14  Terran Infantry Weapons Level 2, Terran Infantry Armor Level 2  
  151  8:16  Supply Depot  
  156  8:22  Marauder, Refinery  
  158  8:30  Command Center  
  158  8:31  Marine  
  158  8:33  Marine x2  
  160  8:35  Siege Tank  
  160  8:37  Medivac  
  165  8:43  Marauder  
  167  8:52  Sensor Tower  
  166  8:57  Sensor Tower  
  166  8:58  Marine x4, Barracks Reactor  
  166  8:59  Barracks Tech Lab  
  166  9:00  Marine x2  
  166  9:02  Medivac  
  173  9:05  Marauder  
  175  9:14  Siege Tank  
  175  9:15  Marine  
  175  9:16  Marine x2  
  181  9:19  Marine  
  168  9:26  Marauder  
  168  9:29  Marine  
  168  9:30  Marauder  
  160  9:39  Marine x7  
  167  9:47  Marine, Marauder  
  167  9:51  Marauder  
  165  9:57  Marine  
  145  10:03  Marine x6  
  145  10:05  Marine  
  145  10:06  Orbital Command  
  151  10:09  Marauder  
  151  10:13  Marauder  
  155  10:15  Marine  
  155  10:21  Marine x6  
  153  10:23  Marine  
  129  10:44  Marine x9, Marauder  
  129  10:45  Siege Tank  
  129  10:46  Medivac x2  
  129  10:48  Orbital Command  
  147  11:01  Marine  
  147  11:02  Marine x8  
  156  11:05  Marine  
  156  11:06  Command Center  
  157  11:15  Medivac  
  157  11:16  Medivac  
  161  11:19  Marine x5  
  161  11:20  Marine x3, Marauder  
  161  11:23  Marauder  
  163  11:33  Siege Tank  
  163  11:37  Marine x8  
  174  11:42  Marauder  
  174  11:44  Marine  
  172  11:54  Barracks x2  
  172  11:55  Barracks  
Show
View Real Time Build Order
Export as new Build Order

Kan Zerg 

Build Orders: Hatch First 

Get SALT Encoding   

  12  0:00  Drone  
  13  0:08  Drone  
  14  0:14  Extractor, Drone  
  15  0:21  Overlord  
  15  0:41  Drone  
  16  0:47  Hatchery  
  15  0:50  Drone  
  15  0:56  Drone x2  
  18  1:10  Extractor  
  17  1:12  Spawning Pool  
  17  1:15  Drone  
  17  1:19  Drone  
  18  1:29  Drone  
  20  1:47  Drone  
  20  1:53  Drone  
  21  1:58  Queen x2  
  21  2:00  Zergling x4  
  27  2:09  Overlord  
  27  2:11  Drone  
  28  2:19  Metabolic Boost  
  28  2:30  Drone  
  28  2:32  Drone x3  
  32  2:47  Hatchery, Overlord  
  31  2:52  Queen  
  33  3:04  Drone  
  33  3:05  Drone x2  
  36  3:10  Drone x3  
  36  3:12  Drone x3  
  42  3:13  Drone  
  43  3:27  Overlord  
  43  3:29  Drone  
  43  3:40  Overlord  
  43  3:45  Queen  
  45  3:49  Queen  
  45  3:51  Zergling x10  
  45  3:55  Overlord x2  
  49  4:30  Drone x3  
  51  4:35  Lair  
  51  4:40  Queen  
  51  4:42  Queen  
  55  4:50  Overlord x4  
  55  4:56  Drone x6  
  61  5:01  Drone x4  
  65  5:12  Baneling Nest  
  64  5:14  Evolution Chamber  
  64  5:17  Evolution Chamber  
  64  5:18  Zergling x12  
  68  5:31  Drone x2  
  68  5:32  Drone  
  68  5:35  Extractor  
  70  5:36  Infestation Pit  
  69  5:46  Hatchery  
  68  5:58  Drone x6  
  68  5:59  Drone x3  
  68  6:01  Spore Crawler  
  68  6:04  Drone  
  77  6:05  Extractor  
  77  6:07  Extractor  
  75  6:12  Drone x9  
  84  6:22  Zerg Ground Armor Level 1  
  84  6:23  Centrifugal Hooks  
  84  6:30  Spore Crawler  
  82  6:34  Spore Crawler  
  82  6:35  Extractor, Drone x3  
  82  6:39  Zergling x2  
  91  6:40  Zergling x18  
  91  6:44  Baneling x2  
  91  6:45  Baneling x3  
  91  6:46  Zergling x2  
  91  6:47  Zergling x6  
  97  6:50  Overlord  
  97  6:57  Overlord  
  97  6:58  Overlord  
  97  6:59  Overlord  
  97  7:01  Hatchery  
  96  7:14  Drone x7  
  103  7:31  Overlord x3  
  103  7:33  Hive  
  103  7:35  Zerg Melee Weapons Level 1  
  103  7:38  Drone  
  103  7:39  Drone x2  
  106  7:48  Drone x4  
  106  7:49  Hatchery  
  109  7:54  Extractor  
  108  8:00  Extractor  
  108  8:02  Drone x14  
  121  8:07  Spore Crawler  
  121  8:11  Zergling x12  
  126  8:23  Baneling  
  126  8:24  Baneling x3  
  126  8:25  Zergling x2  
  126  8:26  Zergling x22  
  138  8:45  Adrenal Glands  
  138  8:52  Ultralisk Cavern  
  138  8:53  Zergling x36  
  155  9:03  Zergling x2  
  155  9:04  Zergling x10  
  155  9:05  Zerg Ground Armor Level 2  
  155  9:07  Hatchery  
  160  9:19  Overlord x5  
  160  9:21  Overlord x2  
  145  9:26  Zergling x28  
  137  9:31  Baneling  
  137  9:32  Baneling x13  
  137  9:33  Zergling x8  
  137  9:35  Zergling x2  
  114  9:55  Zergling x44  
  111  10:00  Zergling x4  
  105  10:08  Zergling x8  
  98  10:17  Baneling x13  
  98  10:20  Queen  
  98  10:21  Queen  
  94  10:26  Zergling x8  
  96  10:28  Zergling x2  
  96  10:29  Zergling x2  
  89  10:38  Zergling x10  
  79  10:45  Zergling x10  
  79  10:48  Baneling x4  
  79  10:49  Baneling  
  82  10:50  Baneling x2  
  82  10:54  Ultralisk  
  85  11:03  Zergling x8  
  76  11:14  Zergling x2  
  76  11:15  Zergling x12  
  83  11:19  Zergling x2  
  83  11:20  Zergling x2  
  80  11:30  Zergling x12  
  80  11:31  Zergling x2  
  80  11:32  Zergling x2  
  83  11:36  Zergling x4  
  68  11:47  Zergling x12  
  68  11:49  Zergling x2  
Tags
 
Add a new tag
Caveats
  • Supply blocks, unpowered buildings, or Contaminate may cause inaccurate times.
  • Supply counts are checked every 10 seconds.